 Dungeon Crawl Stone Soup version 0.22-a0-166-g5351223 (webtiles) character file.

207213 mortelune the Thaumaturge (level 18, -1/142 HPs)
             Began as a Demonspawn Ice Elementalist on Feb 14, 2018.
             Was the Champion of Ashenzari.
             Succumbed to a wolf spider's poison
             ... on level 4 of the Spider Nest.
             The game lasted 03:04:46 (59072 turns).

mortelune the Thaumaturge (DsIE)                   Turns: 59072, Time: 03:04:47

Health: -1/142     AC: 25    Str: 12    XL:     18   Next: 9%
Magic:  1/36       EV: 18    Int: 25    God:    Ashenzari [******]
Gold:   1264       SH: 12    Dex: 24    Spells: 11/45 levels left

rFire    + . .     SeeInvis +   k - +8 mace of the Countless Ships {drain, rPois rC+ Dex+3}
rCold    + + +     Gourm    .   z - +0 buckler (curse)
rNeg     + + .     Faith    .   A - +1 scale mail of Knowledge {rF+ rC+ Int+2 Slay+3} (curse)
rPois    +         Spirit   +   f - +2 helmet {SInv} (curse)
rElec    .         Reflect  +   G - +2 cloak "Alantuci" {SInv} (curse)
rCorr    .         Harm     .   B - +1 pair of gloves (curse)
MR       +....     Clarity  +   q - +0 pair of boots (curse)
Stlth    +.........             I - +5 amulet of reflection (curse)
HPRegen  0.33/turn              v - ring of ice (curse)
MPRegen  0.50/turn              y - ring of Emenaluof {rPois rN+ Str+3 Dex+6} (curse)

@: lethally poisoned (-1 -> -17), studying Long Blades
A: hooves 2, molten scales 3, foul stench 2, negative energy resistance 1, magic
shield, magic regeneration, rot immunity
}: 1/15 runes: decaying
a: Curse Item, Scrying, Transfer Knowledge, Renounce Religion


You were on level 4 of the Spider Nest.
You worshipped Ashenzari.
Ashenzari was exalted by your worship.
You were hungry.

You visited 6 branches of the dungeon, and saw 32 of its levels.
You also visited: Labyrinth and Ice Cave.

You collected 3860 gold pieces.
You spent 2596 gold pieces at shops.

Inventory:

Hand Weapons
 k - the +8 mace of the Countless Ships (weapon) {drain, rPois rC+ Dex+3}
   (You bought it in a shop on level 13 of the Dungeon)

   A truly terrible weapon, it drains the life of those it strikes.
   It affects your dexterity (+3).
   It protects you from cold.
   It protects you from poison.
 l - the +6 spear of Prudence {pierce, rElec rPois MR++ Int-5}
   (You found it in a labyrinth)

   It inflicts extra damage upon your enemies.
   It affects your intelligence (-5).
   It insulates you from electricity.
   It protects you from poison.
   It affects your resistance to hostile enchantments.
Missiles
 p - 2 throwing nets (quivered)
Armour
 f - a cursed +2 helmet of see invisible (worn)
 q - a cursed +0 pair of boots (worn)
 z - a cursed +0 buckler (worn)
 A - the cursed +1 scale mail of Knowledge (worn) {rF+ rC+ Int+2 Slay+3}
   (You found it on level 5 of the Dungeon)

   It affects your intelligence (+2).
   It affects your accuracy and damage with ranged weapons and melee attacks
   (+3).
   It protects you from fire.
   It protects you from cold.
   It has a curse placed upon it.
 B - a cursed +1 pair of gloves (worn)
 G - the cursed +2 cloak "Alantuci" (worn) {SInv}
   (You found it on level 2 of the Spider Nest)

   It lets you see invisible.
   It has a curse placed upon it.
 S - a scarf of cloud immunity
Jewellery
 v - a cursed ring of ice (left hand)
 y - the cursed ring of Emenaluof (right hand) {rPois rN+ Str+3 Dex+6}
   (You bought it in a shop on level 5 of the Dungeon)

   [ring of positive energy]

   It affects your strength (+3).
   It affects your dexterity (+6).
   It protects you from poison.
   It protects you from negative energy.
   It has a curse placed upon it.
 I - a cursed +5 amulet of reflection (around neck)
 M - a cursed ring of protection from magic
Wands
 g - a wand of digging (4)
 h - a wand of iceblast (19)
 m - a wand of paralysis (37)
 x - a wand of acid (16)
 F - a wand of enslavement (10)
 O - a wand of polymorph (20)
Scrolls
 a - 4 scrolls of remove curse
 b - 14 scrolls of identify
 j - 4 scrolls of immolation
 o - 2 scrolls of blinking
 t - 4 scrolls of enchant weapon
 w - 8 scrolls of teleportation
 C - 6 scrolls of fog
 H - 10 scrolls of magic mapping
 P - 2 scrolls of enchant armour
 T - 6 scrolls of fear
 W - a scroll of summoning
 X - 6 scrolls of amnesia
 Y - 3 scrolls of brand weapon
Potions
 d - 3 potions of haste
 e - 5 potions of might
 i - 8 potions of curing
 r - 7 potions of agility
 s - 4 potions of heal wounds
 u - 7 potions of flight
 E - 2 potions of resistance
 J - 4 potions of brilliance
 K - 5 potions of berserk rage
 L - 6 potions of cancellation
 N - 2 potions of ambrosia
 Q - 4 potions of mutation
 U - 2 potions of magic
Books
 D - a manual of Long Blades
Miscellaneous
 n - a phantom mirror
 R - a fan of gales
 Z - 5 boxes of beasts
Comestibles
 c - 36 rations


   Skills:
 * Level 12.9 Fighting
 - Level 0.2 Long Blades
 + Level 9.4 Maces & Flails
 - Level 8.6(13.0) Armour
 + Level 6.8(11.3) Dodging
 - Level 1.7 Stealth
 - Level 3.3(6.0) Shields
 + Level 14.0 Spellcasting
 + Level 11.8(16.0) Conjurations
 - Level 4.2(8.4) Summonings
 - Level 1.3(4.1) Translocations
 + Level 7.2(11.7) Fire Magic
 - Level 13.2(17.3) Ice Magic
 + Level 8.1(12.5) Earth Magic


You had 11 spell levels left.
You knew the following spells:

 Your Spells              Type           Power        Failure   Level  Hunger
a - Freeze                Ice            ####         0%          1    None
b - Throw Frost           Conj/Ice       ######       1%          2    None
c - Ozocubu's Armour      Chrm/Ice       #######.     1%          3    None
d - Summon Ice Beast      Ice/Summ       #######.     1%          4    None
e - Throw Icicle          Conj/Ice       ########     1%          4    None
f - Blink                 Tloc           N/A          3%          2    None
g - Fireball              Conj/Fire      ######....   1%          5    ##.....
h - Passwall              Tmut/Erth      ######....   1%          2    None
i - Shadow Creatures      Summ           N/A          45%         6    ####...
q - Lee's Rapid Deconstr  Erth           ######....   1%          5    ##.....


Dungeon Overview and Level Annotations

Branches:
Dungeon (15/15)            Temple (1/1) D:6            Lair (6/6) D:8
  Swamp (4/4) Lair:2       Spider (4/4) Lair:3        Slime (0/5) Lair:5
    Orc (2/2) D:11            Elf (0/3) Orc:2        Vaults (0/5) D:14
 Depths (0/5) D:15

Altars:
Ashenzari
Dithmenos
Elyvilon
Fedhas
Hepliaklqana
Makhleb
Nemelex Xobeh
Okawaru
Qazlal
Ru
Sif Muna
Trog
Vehumet
Xom
Yredelemnul
Zin
Beogh
Jiyva

Shops:
D:5 =   D:6 =   D:13 (   Orc:2 (*[*(

Annotations:
D:9 MovingMist's ghost, novice DsAK
Lair:5 1 runed door


Innate Abilities, Weirdness & Mutations

You have hoof-like feet.
You are completely covered in molten scales. (AC +4, rF+)
You frequently emit foul miasma when damaged in melee.
You resist negative energy. (rN+)
When hurt, damage is shared between your health and your magic reserves.
You regenerate magic rapidly.
You are immune to rotting.


Message History

Aiming: Throw Icicle (safe; 1% risk of failure)
Press: ? - help, Shift-Dir - straight line, f/p - wolf spider
Aim: a wolf spider (almost dead, clinging)
You feel a surge of power!
The shard of ice hits the wolf spider.
You kill the wolf spider!
You feel sick.
The orb spider weaves a glowing orb of energy. x2 2 orbs of destruction come into view.
You feel sick.
You feel sick.
The orb of destruction reflects off an invisible shield around you!
The orbs collide in a blinding explosion!
The orb of destruction hits you!
* * * LOW HITPOINT WARNING * * *
You hear an angry hiss. x3; You hear an angry buzzing noise.
You hear an angry hiss. x5; You hear an angry buzzing noise.
You hear an angry hiss. x16; You hear an angry buzzing noise. x2
You hear an angry hiss. x4; You hear a shout!
You hear an angry hiss. x2
You hear a hideous shriek!
You die...

,, ,
######...#^...^#####....##..
, ,,
.......^....§###...#....#.##
* ** *
###......s#^.......?#...
#..^.s§..#^#..##.^....
##...#§.......^......#
#...#§#..........#...
#..#.§...##....#.....
##..#....###.........
##...@....###.........
##..#......#^.####.....
#p...<†..#.....###..#..
#......#p..............
#####........#....#)...
#....^.#..#........
###..##...##.^....<
#####........#...
#.^....^.....


You could see an orb spider and 2 neutral humans.

Vanquished Creatures
  Asterion (Spider:4)
  Frances (Spider:1)
  7 thorn hunters
  Kirke (Spider:4)
  Agnes (D:15)
  An emperor scorpion (Spider:3)
  3 ghost moths (Spider:3)
  An entropy weaver (Spider:2)
  A minotaur (Lab)
  4 spark wasps
  2 fire dragons (Lair:6)
  23 hydras
  Erolcha (D:13)
  2 ice dragons (D:15)
  2 ghost crabs
  A catoblepas (Lair:5)
  A death knight (D:14)
  2 centaur warriors
  23 two-headed ogres
  7 alligators
  4 ogre magi (Orc:2)
  2 tengu warriors (D:14)
  A two-headed ogre (shapeshifter) (D:14)
  5 death yaks
  A deep elf knight (D:14)
  The ghost of tilp the Spear-Bearer, a novice MfIE of Makhleb (D:10)
  Sonja (D:15)
  A skeletal warrior (D:14)
  A minotaur zombie (Lab)
  4 spriggan druids
  16 swamp dragons
  2 wizards
  4 unseen horrors
  A lindwurm (Lair:6)
  A shambling mangrove (Swamp:4)
  3 orc knights
  Pikel (D:8)
  3 deep elf magi
  An orb spider (shapeshifter) (D:12)
  2 orc sorcerers (Orc:2)
  14 orb spiders
  10 ugly things
  4 cyclopes
  23 wolf spiders
  4 manticores
  The ghost of p0werm0de the Destroyer, a novice DsFE (D:8)
  A moth of wrath (Spider:3)
  11 elephants
  2 centaur zombies
  7 torpor snails
  2 ice statues (IceCv)
  3 black mambas
  16 spiny frogs
  6 centaur skeletons
  2 gargoyles (D:14)
  5 rime drakes
  3 kobold demonologists
  7 demonic crawlers
  4 komodo dragons
  2 efreet (D:13)
  A yaktaur (D:14)
  30 jumping spiders
  A tengu conjurer (D:14)
  A polar bear (Lair:3)
  4 trolls
  3 meliai (D:14)
  10 hornets
  2 blink frogs
  8 tyrant leeches
  6 bog bodies
  13 slime creatures
  A meliai zombie (D:14)
  6 hippogriffs
  6 spriggans
  20 tarantellas
  4 shadows
  A vampire (D:9)
  50 redbacks
  28 yaks
  2 wraiths
  6 wyverns
  5 basilisks
  3 steam dragons
  21 vampire mosquitoes
  2 hungry ghosts
  13 insubstantial wisps
  3 wargs (Orc:1)
  A soldier ant (D:13)
  A naga (shapeshifter) (D:13)
  24 swamp worms
  4 acid dragons
  2 black bears
  12 water moccasins
  5 porcupines
  18 orc warriors
  2 sky beasts
  13 swamp drakes
  8 ice beasts
  An eye of draining (D:12)
  A necrophage (D:9)
  2 phantoms
  9 wolves
  30 ogres
  8 centaurs
  8 crocodiles
  3 big kobolds
  17 bullfrogs
  A water moccasin zombie (D:6)
  2 wyvern skeletons
  3 scorpions
  A water moccasin skeleton (D:11)
  6 jellies
  6 killer bees
  11 wights
  6 howler monkeys
  10 electric eels
  7 crimson imps
  4 lava snakes (Lab)
  A bullfrog zombie (D:5)
  3 bullfrog skeletons
  15 orc wizards
  17 orc priests
  11 hounds
  2 iguanas
  11 worker ants
  Natasha (thrice) (D:2)
  5 hell rats (Lair:6)
  A centaur simulacrum (D:12)
  A bullfrog simulacrum (D:12)
  A howler monkey zombie (D:9)
  4 gnolls (Orc:2)
  10 adders
  A river rat (Lair:6)
  3 shadow imps
  An ooze (D:2)
  2 adder zombies
  An adder skeleton (D:7)
  4 worms
  4 dart slugs
  5 leopard geckos
  87 orcs
  11 bats
  8 giant cockroaches
  20 hobgoblins
  6 jackals
  5 quokkas
  3 ball pythons
  A ball python skeleton (D:4)
  3 frilled lizards
  7 goblins
  9 kobolds
  5 rats
  5 briar patches (Swamp:4)
  A butterfly (Lair:5)
1020 creatures vanquished.

Vanquished Creatures (collateral kills)
  4 hydras
  A death yak (Lair:5)
  3 swamp dragons (Lair:4)
  A wolf spider zombie (D:14)
  An oklob plant (Lair:4)
  6 elephants
  An ugly thing (IceCv)
  2 centaur zombies
  A black mamba (Lair:6)
  A torpor snail (Spider:1)
  A gargoyle (D:15)
  2 yaktaurs (D:14)
  A spiny frog (Lair:4)
  A tengu conjurer (D:15)
  A polar bear (Lair:5)
  2 hornets
  8 blink frogs
  A tyrant leech (Swamp:3)
  A hippogriff (D:10)
  A bog body (Swamp:1)
  7 slime creatures
  A basilisk (Lair:6)
  8 yaks
  3 vampire mosquitoes (Swamp:1)
  2 ice beasts (IceCv)
  2 swamp drakes
  An orc warrior (D:14)
  A black bear (D:10)
  A phantom (D:5)
  A necrophage (D:8)
  A big kobold (D:12)
  A bullfrog (D:13)
  A wyvern skeleton (D:14)
  A killer bee (D:12)
  A wight (D:6)
  A hound (D:10)
  2 hell rats (Lair:6)
  7 orcs
  5 kobolds (D:12)
87 creatures vanquished.

Vanquished Creatures (others)
  An orc sorcerer (Orc:1)
  A yaktaur (D:14)
  2 humans (Spider:4)
  4 slaves (D:8)
  A centaur (D:12)
  A hound (D:8)
  An orc wizard (D:14)
  A killer bee zombie (D:8)
  2 bushes (Lair:6)
  21 fungi
  24 plants
59 creatures vanquished.

Grand Total: 1166 creatures vanquished

Notes
Turn   | Place    | Note
-------+----------+-------------------------------------------
     0 | D:1      | mortelune the Demonspawn Ice Elementalist began the quest for the Orb.
     0 | D:1      | Reached XP level 1. HP: 13/13 MP: 3/3
   276 | D:1      | Gained mutation: You are partially covered in molten scales. (AC +2) [demonic ancestry]
   276 | D:1      | Reached XP level 2. HP: 7/19 MP: 0/5
   578 | D:1      | Learned a level 2 spell: Throw Frost
  1812 | D:2      | Gained mutation: You are immune to rotting. [demonic ancestry]
  1812 | D:2      | Reached XP level 3. HP: 23/24 MP: 2/6
  1909 | D:2      | Noticed Natasha
  2184 | D:1      | Learned a level 3 spell: Ozocubu's Armour
  2584 | D:2      | Killed Natasha
  2584 | D:2      | Reached XP level 4. HP: 30/30 MP: 1/8
  2650 | D:2      | Noticed Natasha
  2904 | D:2      | Killed Natasha
  2995 | D:2      | Reached skill level 3 in Spellcasting
  3096 | D:2      | Gained mutation: You may emit foul miasma when damaged in melee. [demonic ancestry]
  3096 | D:2      | Reached XP level 5. HP: 26/35 MP: 3/9
  3402 | D:2      | Noticed Natasha
  3414 | D:2      | Killed Natasha
  3857 | D:2      | Learned a level 4 spell: Summon Ice Beast
  4961 | D:4      | Gained mutation: You frequently emit foul miasma when damaged in melee. [demonic ancestry]
  4961 | D:4      | Reached XP level 6. HP: 29/41 MP: 7/11
  5465 | D:4      | Reached skill level 4 in Spellcasting
  6635 | D:4      | Gained mutation: You have large cloven feet. [demonic ancestry]
  6635 | D:4      | Reached XP level 7. HP: 46/46 MP: 4/13
  6803 | D:5      | Entered Level 5 of the Dungeon
  6812 | D:5      | Got an encrusted scale mail
  6860 | D:5      | Identified the +1 scale mail of Knowledge {rF+ rC+ Int+2 Slay+3} (You found it on level 5 of the Dungeon)
  6979 | D:5      | Reached skill level 5 in Ice Magic
  7317 | D:5      | Reached skill level 5 in Spellcasting
  8645 | D:5      | Found Buowuit's Jewellery Boutique.
  8765 | D:5      | Gained mutation: When hurt, damage is shared between your health and your magic reserves. [demonic ancestry]
  8765 | D:5      | Reached XP level 8. HP: 52/52 MP: 12/16
  9025 | D:6      | Reached skill level 6 in Spellcasting
  9666 | D:6      | Found Oferenew's Jewellery Shop.
  9870 | D:6      | Reached skill level 5 in Conjurations
 10226 | D:6      | Found a staircase to the Ecumenical Temple.
 10263 | Temple   | Entered the Ecumenical Temple
 10453 | Temple   | Became a worshipper of Ashenzari the Shackled
 10975 | D:7      | Reached skill level 7 in Spellcasting
 10990 | D:7      | Learned a level 4 spell: Throw Icicle
 11085 | D:7      | Gained mutation: You regenerate magic rapidly. [demonic ancestry]
 11085 | D:7      | Reached XP level 9. HP: 42/57 MP: 2/19
 11689 | D:7      | Found a stormy altar of Qazlal.
 12145 | D:7      | Identified the Papyrus of Burning Envenoming
 12354 | D:8      | Noticed Pikel
 12361 | D:8      | Killed Pikel
 12462 | D:8      | Noticed a troll
 12665 | D:9      | Noticed a two-headed ogre
 12771 | D:8      | Killed a troll
 12818 | D:8      | Reached skill level 8 in Spellcasting
 13093 | D:8      | Noticed p0werm0de's ghost (novice DsFE)
 13221 | D:8      | Reached * piety under Ashenzari
 13250 | D:8      | Noticed a two-headed ogre
 13256 | D:8      | Killed a two-headed ogre
 13256 | D:8      | Reached XP level 10. HP: 44/63 MP: 5/22
 13425 | D:9      | Killed a two-headed ogre
 13628 | D:9      | Noticed MovingMist's ghost (novice DsAK)
 14000 | D:8      | Noticed a red ugly thing
 14457 | D:9      | Noticed a two-headed ogre
 14471 | D:9      | Killed a two-headed ogre
 14471 | D:9      | Reached skill level 10 in Ice Magic
 14959 | D:10     | Entered Level 10 of the Dungeon
 14971 | D:10     | Noticed a two-headed ogre
 14983 | D:10     | Killed a two-headed ogre
 14983 | D:10     | Reached skill level 9 in Spellcasting
 15036 | D:10     | Found a hazy altar of Hepliaklqana.
 15356 | D:10     | Gained mutation: You have hoof-like feet. [demonic ancestry]
 15356 | D:10     | Reached XP level 11. HP: 53/68 MP: 7/24
 16359 | D:10     | Noticed tilp's ghost (novice MfIE)
 16639 | D:8      | Killed p0werm0de's ghost
 16723 | D:8      | Found a staircase to the Lair.
 16872 | D:8      | Killed a red ugly thing
 17081 | D:8      | Reached ** piety under Ashenzari
 17166 | Lair:1   | Entered Level 1 of the Lair of Beasts
 17615 | Lair:1   | Noticed a six-headed hydra
 17953 | Lair:2   | Reached skill level 1 in Fighting
 18000 | Lair:2   | Found a labyrinth entrance.
 18010 | Lair:2   | Reached skill level 1 in Armour
 18010 | Lair:2   | Reached skill level 1 in Summonings
 18154 | Lab      | Entered a labyrinth
 18628 | Lab      | Noticed a minotaur
 18633 | Lab      | Killed a minotaur
 18653 | Lab      | Reached skill level 10 in Spellcasting
 18771 | Lab      | Identified the ring "Jutyut" {*Drain +Inv rF+ Dex+4}
 18776 | Lab      | Got the spear of Prudence {pierce, rElec rPois MR++ Int-5}
 18896 | Lair:2   | Identified the +6 spear of Prudence {pierce, rElec rPois MR++ Int-5} (You found it in a labyrinth)
 18903 | Lair:2   | Found a staircase to the Swamp.
 19311 | Lair:2   | Reached *** piety under Ashenzari
 20023 | Lair:3   | Reached XP level 12. HP: 76/80 MP: 16/26
 20088 | Lair:3   | Found a hole to the Spider Nest.
 20504 | Lair:3   | Got the morningstar of the Dragonfly {crush, MR- Str+6}
 20516 | Lair:3   | Identified the +9 morningstar of the Dragonfly {crush, MR- Str+6} (You found it on level 3 of the Lair of Beasts)
 21046 | Lair:3   | Found a runed door.
 22075 | Lair:4   | Reached **** piety under Ashenzari
 22090 | Lair:4   | Noticed a six-headed hydra
 22096 | Lair:4   | Killed a six-headed hydra
 22254 | Lair:4   | Reached skill level 5 in Fighting
 22980 | Lair:4   | Noticed a six-headed hydra
 23034 | Lair:4   | Killed a six-headed hydra
 23329 | Lair:4   | Reached skill level 5 in Armour
 23329 | Lair:4   | Reached XP level 13. HP: 92/92 MP: 12/27
 24028 | D:5      | Bought the ring of Emenaluof {rPois rN+ Str+3 Dex+6} for 751 gold pieces
 24243 | Lair:5   | Reached skill level 11 in Spellcasting
 24248 | Lair:5   | Reached skill level 10 in Conjurations
 24253 | Lair:5   | Reached skill level 1 in Maces & Flails
 24996 | Lair:5   | Found a glowing silver altar of Zin.
 25149 | Lair:5   | Found a runed door.
 25195 | Lair:5   | Found a viscous altar of Jiyva.
 25210 | Lair:5   | Noticed an azure jelly
 25211 | Lair:5   | Found a staircase to the Slime Pits.
 25211 | Lair:5   | Noticed an azure jelly
 25211 | Lair:5   | Noticed an azure jelly
 25211 | Lair:5   | Noticed an azure jelly
 25594 | Lair:6   | Entered Level 6 of the Lair of Beasts
 26236 | Lair:6   | Reached ***** piety under Ashenzari
 26624 | Lair:6   | Noticed a fire dragon
 26630 | Lair:6   | Killed a fire dragon
 28057 | Lair:6   | Found a runed door.
 28065 | Lair:6   | Noticed a fire dragon
 28070 | Lair:6   | Killed a fire dragon
 28150 | Lair:6   | Gained mutation: You are mostly covered in molten scales. (AC +3) [demonic ancestry]
 28150 | Lair:6   | Reached XP level 14. HP: 103/103 MP: 8/29
 29379 | D:10     | Killed tilp's ghost
 31051 | D:11     | Found a staircase to the Orcish Mines.
 31294 | D:12     | Found a hazy altar of Hepliaklqana.
 31516 | D:12     | Learned a level 5 spell: Lee's Rapid Deconstruction
 31577 | D:12     | Reached skill level 12 in Spellcasting
 31965 | D:12     | Reached skill level 1 in Earth Magic
 32312 | D:12     | Identified the +3 robe "Ariacku" {Int+3}
 32869 | D:12     | Paralysed by a wizard for 5 turns
 32894 | D:12     | Reached skill level 5 in Maces & Flails
 33075 | D:13     | Found Xobb's Antique Weapon Boutique.
 33087 | D:13     | Found a frozen archway.
 33177 | IceCv    | Entered an ice cave
 33234 | IceCv    | Found a transporter.
 33375 | D:13     | Bought a steaming mace for 320 gold pieces
 33380 | D:13     | Identified the +8 mace of the Countless Ships {drain, rPois rC+ Dex+3} (You bought it in a shop on level 13 of the Dungeon)
 33428 | D:13     | Noticed Erolcha
 33431 | D:13     | Killed Erolcha
 34198 | D:13     | Learned a level 5 spell: Fireball
 34317 | D:13     | Found a radiant altar of Vehumet.
 34809 | D:13     | Reached skill level 1 in Fire Magic
 35118 | D:14     | Gained mutation: You resist negative energy. (rN+) [demonic ancestry]
 35118 | D:14     | Reached XP level 15. HP: 112/112 MP: 26/31
 37717 | D:14     | Found a gate to the Vaults.
 38012 | Orc:1    | Entered Level 1 of the Orcish Mines
 38134 | Orc:1    | Found a roughly hewn altar of Beogh.
 39412 | Orc:2    | Entered Level 2 of the Orcish Mines
 39412 | Orc:2    | Found Upuirigi's Antique Weapon Boutique.
 40976 | Orc:2    | Bought a transparent mace for 168 gold pieces
 40980 | Orc:2    | Identified the cursed +1 mace of Internal Strife {crush, Str+2 Dex+5} (You bought it in a shop on level 2 of the Orcish Mines)
 40998 | Orc:2    | Reached skill level 5 in Earth Magic
 41193 | Orc:2    | Learned a level 2 spell: Passwall
 41347 | Orc:2    | Found Lykeg's Antique Weapon Shoppe.
 41347 | Orc:2    | Found Ohej's Assorted Antiques.
 41348 | Orc:2    | Found Ohuitua's Antique Armour Shop.
 41348 | Orc:2    | Found Ucel Faaty's Assorted Antiques.
 41357 | Orc:2    | Bought a brightly glowing granite ring for 195 gold pieces
 41357 | Orc:2    | Identified the ring "Cisoalya" {+Blink Dex+5} (You bought it in a shop on level 2 of the Orcish Mines)
 41357 | Orc:2    | Bought a potion of heal wounds for 195 gold pieces
 41358 | Orc:2    | Bought a brightly glowing helmet for 247 gold pieces
 41358 | Orc:2    | Identified the cursed -3 helmet of Instinct {rElec Str-5 SInv} (You bought it in a shop on level 2 of the Orcish Mines)
 41393 | Orc:2    | Found a roughly hewn altar of Beogh.
 41508 | Orc:2    | Found a staircase to the Elven Halls.
 41568 | Orc:2    | Reached ****** piety under Ashenzari
 41960 | Orc:2    | Bought a hardcover book for 360 gold pieces
 41960 | Orc:2    | Bought a papyrus book for 360 gold pieces
 42047 | Orc:1    | Reached skill level 10 in Fighting
 42483 | D:15     | Entered Level 15 of the Dungeon
 43122 | D:15     | Noticed Sonja
 43129 | D:15     | Killed Sonja
 43129 | D:15     | Gained mutation: You are completely covered in molten scales. (AC +4, rF+) [demonic ancestry]
 43129 | D:15     | Reached XP level 16. HP: 122/122 MP: 14/32
 43247 | D:15     | Reached skill level 13 in Spellcasting
 43248 | D:15     | Noticed Agnes
 43254 | D:15     | Killed Agnes
 43637 | D:15     | Found a staircase to the Depths.
 43930 | Swamp:1  | Entered Level 1 of the Swamp
 43935 | Swamp:1  | Reached skill level 1 in Shields
 45700 | Swamp:2  | Noticed a thorn hunter
 46438 | Swamp:2  | Identified the +3 leather armour of Apathy {rC+ Slay+3}
 46607 | Swamp:2  | Identified Xibuleaki's Catalogue of Creative Ignition
 46639 | Swamp:2  | Killed a thorn hunter
 46639 | Swamp:2  | Reached skill level 5 in Fire Magic
 47212 | Swamp:3  | Learned a level 6 spell: Shadow Creatures
 48197 | Swamp:4  | Entered Level 4 of the Swamp
 48207 | Swamp:4  | Noticed a thorn hunter
 48637 | Swamp:4  | Killed a thorn hunter
 48910 | Swamp:4  | Noticed a thorn hunter
 48913 | Swamp:4  | Killed a thorn hunter
 48928 | Swamp:3  | Reached skill level 5 in Dodging
 49548 | Swamp:4  | Noticed a thorn hunter
 49555 | Swamp:4  | Killed a thorn hunter
 49657 | Swamp:4  | Noticed a thorn hunter
 49668 | Swamp:4  | Killed a thorn hunter
 50013 | Swamp:4  | Noticed a thorn hunter
 50019 | Swamp:4  | Killed a thorn hunter
 50306 | Swamp:4  | Reached XP level 17. HP: 131/131 MP: 2/34
 51941 | Swamp:4  | Got a decaying rune of Zot
 52365 | Spider:1 | Entered Level 1 of the Spider Nest
 52383 | Spider:1 | Noticed Frances
 52390 | Spider:1 | Killed Frances
 54246 | Spider:2 | Learned a level 2 spell: Blink
 54604 | Spider:2 | Reached skill level 1 in Translocations
 55992 | Spider:2 | Got the uncursed cloak "Alantuci" {SInv}
 55998 | Spider:2 | Identified the +2 cloak "Alantuci" {SInv} (You found it on level 2 of the Spider Nest)
 56911 | Spider:3 | Identified the amulet of Propriety {+Rage Dex+2}
 57790 | Spider:4 | Entered Level 4 of the Spider Nest
 58431 | Spider:4 | Reached XP level 18. HP: 142/142 MP: 14/35
 58438 | Spider:4 | Noticed Kirke
 58758 | Spider:4 | Killed Kirke
 58904 | Spider:3 | Reached skill level 14 in Spellcasting
 59041 | Spider:4 | Noticed Asterion
 59054 | Spider:4 | Killed Asterion
 59071 | Spider:4 | HP: 1/142 [disintegration (44)]
 59072 | Spider:4 | Succumbed to a wolf spider's poison

Vault maps used:
D:1:      mainiacjoe_arrival_reflecting_pool, serial_glass, glass_columns_a,
          glass_columns_b, glass_columns_a, glass_columns_a, glass_columns_a,
          glass_columns_c
D:2:      serial_bayou_lagoon_b, uniq_natasha
D:3:      serial_bayou_pond_d, glass_columns_c, feat_on_display
D:4:      kennysheep_generic_room_16
D:5:      first_ration, serial_shops,
          nicolae_shop_temple_entry_statues_fountains
D:6:      temple_pool_b, serial_shops, shop
D:7:      minmay_blocky_corners, old_standard_altar
D:8:      erik_lair_island, uniq_pikel
D:10:     basic_altar, blue_anna_alchemist
D:11:     erik_orc_1
D:12:     basic_altar, minivault_28
D:13:     portal_ice_cave_rime, basic_altar, serial_shops, nicolae_shop_crystal,
          uniq_erolcha
D:14:     hangedman_vaults_entry_quadrant_bands, minmay_misc_feat_ornament
D:15:     grunt_enter_depths_hoard, uniq_agnes, uniq_sonja
Temple:   roderic_octagonal_lattice_temple
Lair:2:   minmay_swamp_entry_eels, lab_entry_generic
Lair:3:   nicolae_spider_entry_orb_guardian, pf_torpor_hydra
Lair:4:   onia_ninara_swampy_vault
Lair:5:   slime_altar_2, basic_altar, nicolae_lair_yak_garden,
          lemuel_fruit_fields
Lair:6:   guppyfry_lair_end_dragon, wormcave, pond
Swamp:1:  evilmike_swamp_ruin_house_2, swamp_pool3
Swamp:2:  serial_swamp_ruin, evilmike_swamp_ruin_house_6,
          evilmike_swamp_ruin_rubble_1, swamp_pool1
Swamp:3:  hangedman_swamp_lotus, swamp_pool2, lightli_tree_ring
Swamp:4:  swamp_basic_johnstein, hangedman_swamp_pad, swamp_pool2,
          hangedman_swamp_diagram
Spider:1: uniq_frances
Spider:2: nicolae_spider_mines_3
Spider:4: johnstein_spider_rune_arachne_lair, uniq_kirke, uniq_asterion,
          uniq_arachne
Orc:1:    cheibrodos_orc_bank, basic_altar
Orc:2:    st_orc_ogre_mass, serial_shops, nicolae_shop_statue_plus, basic_altar
Lab:      labyrinth_hidden_loot, labyrinth_lava_lair,
          labyrinth_skeletal_remains, nicolae_lab_arrow
IceCv:    ice_cave_statue_garden_teleport

Skill      XL: |  1  2  3  4  5  6  7  8  9 10 11 12 13 14 15 16 17 18 |
---------------+-------------------------------------------------------+-----
Dodging        | 2 3 5 6 |  6.8
Ice Magic      | 3 4 5 6 8 10 11 12 13 | 13.2
Conjurations   | 2 3 4 5 7 8 9 10 11 | 11.8
Spellcasting   | 3 4 5 7 8 9 10 11 12 13 14 | 14.0
Fighting       | 2 5 7 8 10 11 12 | 12.9
Armour         | 2 5 6 8 |  8.6
Summonings     | 2 4 |  4.2
Maces & Flails | 3 5 7 8 9 |  9.4
Earth Magic    | 3 5 6 8 |  8.1
Fire Magic     | 1 4 5 7 |  7.2
Shields        | 3 |  3.3
Translocations | 1 |  1.3
Long Blades    | |  0.2
Stealth        | |  1.7

Action                   |  1- 3 |  4- 6 |  7- 9 | 10-12 | 13-15 | 16-18 || total
-------------------------+-------+-------+-------+-------+-------+-------++-------
Melee: Unarmed           |    18 |       |       |       |       |       ||    18
       Mace              |     9 |       |       |       |   150 |   250 ||   409
       Falchion          |     1 |     9 |   140 |    37 |       |       ||   187
       Kick              |       |       |    48 |    38 |    20 |       ||   106
       Morningstar       |       |       |       |    38 |   147 |       ||   185
Throw: Throwing net      |       |       |       |     3 |       |       ||     3
 Cast: Freeze            |    69 |    86 |   152 |   148 |    59 |     7 ||   521
       Throw Frost       |     1 |    38 |    64 |    55 |    30 |    12 ||   200
       Ozocubu's Armour  |     1 |     4 |    11 |     6 |       |       ||    22
       Summon Ice Beast  |       |       |    11 |    43 |    69 |    26 ||   149
       Throw Icicle      |       |       |    20 |   183 |   597 |   491 ||  1291
       Fireball          |       |       |       |       |    15 |    74 ||    89
       Lee's Rapid Decon |       |       |       |       |     2 |    49 ||    51
Invok: Curse Item        |       |       |     4 |     2 |     2 |     2 ||    10
Evoke: Wand              |       |       |       |     3 |     2 |       ||     5
  Use: Scroll            |     3 |     3 |     7 |    19 |    10 |     6 ||    48
       Potion            |       |       |       |    10 |     4 |     3 ||    17
 Stab: Distracted        |       |       |       |     2 |     2 |     2 ||     6
  Eat: Chunk             |     6 |    14 |    11 |    16 |    38 |    14 ||    99
       Ration            |       |       |     4 |     8 |     9 |    13 ||    34
Armor: Robe              |    25 |    19 |    89 |    31 |       |       ||   164
       Scale mail        |       |       |     4 |    96 |   259 |   322 ||   681
Dodge: Dodged            |    63 |    50 |   176 |   174 |   337 |   432 ||  1232
Block: Other             |       |       |    15 |    54 |   126 |     3 ||   198
       Reflection        |       |       |       |       |    14 |     6 ||    20
       Buckler           |       |       |       |       |       |   434 ||   434
       Rpst.: Falchion   |     1 |    14 |    40 |    27 |       |       ||    82

Table legend:
 A = Spawn XP
 B = Non-spawn XP
 C = Spawn XP percentage of total XP
 D = Spawn monster count
 E = Non-spawn monster count
 F = Spawn count percentage of total count
 G = Total turns spent on level
                    A         B        C        D         E        F      G
               +---------+---------+-------+---------+---------+-------+---------
         Total |       0 |  298034 |   0.0 |       0 |    1104 |   0.0 | 59072
               +---------+---------+-------+---------+---------+-------+---------
           D:1 |       0 |      38 |   0.0 |       0 |      21 |   0.0 |  2149
           D:2 |       0 |     212 |   0.0 |       0 |      29 |   0.0 |  1709
           D:3 |       0 |      74 |   0.0 |       0 |      19 |   0.0 |   924
           D:4 |       0 |     414 |   0.0 |       0 |      28 |   0.0 |  2301
           D:5 |       0 |     744 |   0.0 |       0 |      33 |   0.0 |  2046
           D:6 |       0 |    1072 |   0.0 |       0 |      21 |   0.0 |  1900
           D:7 |       0 |     998 |   0.0 |       0 |      21 |   0.0 |  1504
           D:8 |       0 |    4097 |   0.0 |       0 |      26 |   0.0 |  2199
           D:9 |       0 |    2937 |   0.0 |       0 |      18 |   0.0 |  1755
          D:10 |       0 |    5104 |   0.0 |       0 |      35 |   0.0 |  1741
          D:11 |       0 |    6745 |   0.0 |       0 |      52 |   0.0 |  2415
          D:12 |       0 |   12234 |   0.0 |       0 |      62 |   0.0 |  1446
          D:13 |       0 |    9380 |   0.0 |       0 |      36 |   0.0 |  2393
          D:14 |       0 |   21644 |   0.0 |       0 |      65 |   0.0 |  2395
          D:15 |       0 |   11632 |   0.0 |       0 |      23 |   0.0 |  1311
        Lair:1 |       0 |    2415 |   0.0 |       0 |      13 |   0.0 |   820
        Lair:2 |       0 |    2330 |   0.0 |       0 |      14 |   0.0 |  1329
        Lair:3 |       0 |    8401 |   0.0 |       0 |      26 |   0.0 |  1955
        Lair:4 |       0 |   12171 |   0.0 |       0 |      40 |   0.0 |  2373
        Lair:5 |       0 |    5445 |   0.0 |       0 |      14 |   0.0 |  1484
        Lair:6 |       0 |   21685 |   0.0 |       0 |      74 |   0.0 |  3401
       Swamp:1 |       0 |    9108 |   0.0 |       0 |      26 |   0.0 |  1394
       Swamp:2 |       0 |   11698 |   0.0 |       0 |      37 |   0.0 |  1853
       Swamp:3 |       0 |    9945 |   0.0 |       0 |      26 |   0.0 |  2034
       Swamp:4 |       0 |   40904 |   0.0 |       0 |      63 |   0.0 |  3088
      Spider:1 |       0 |   17808 |   0.0 |       0 |      53 |   0.0 |  2569
      Spider:2 |       0 |   17513 |   0.0 |       0 |      49 |   0.0 |  2000
      Spider:3 |       0 |   20693 |   0.0 |       0 |      40 |   0.0 |  1844
      Spider:4 |       0 |   11063 |   0.0 |       0 |      17 |   0.0 |   294
         Orc:1 |       0 |    8999 |   0.0 |       0 |      53 |   0.0 |  2250
         Orc:2 |       0 |   15732 |   0.0 |       0 |      54 |   0.0 |  1188
           Lab |       0 |    2220 |   0.0 |       0 |       6 |   0.0 |   630
         IceCv |       0 |    2579 |   0.0 |       0 |      10 |   0.0 |   164
               +---------+---------+-------+---------+---------+-------+---------
